 Dungeon Crawl Stone Soup version 0.20.0-8-g6b59dc7 (webtiles) character file.

51088 Lavandula the Cleaver (level 14, -14/113 HPs)
             Began as a Demonspawn Berserker on June 1, 2017.
             Was a High Priest of Trog.
             Demolished by Mara
             ... wielding a +8 demon trident of electrocution
              (23 damage)
             ... on level 15 of the Dungeon.
             The game lasted 00:58:40 (21220 turns).

Lavandula the Cleaver (Demonspawn Berserker)       Turns: 21220, Time: 00:58:41

Health: -14/113    AC: 15    Str: 19      XL:     14   Next: 22%
Magic:  16/16      EV: 15    Int: 13 (14) God:    Trog [*****.]
Gold:   943        SH:  0    Dex: 19      Spells: 13/13 levels left

rFire    + . .     SeeInvis +   I - +8 battleaxe of Ynay {venom, MR+}
rCold    + . .     Gourm    .   (shield currently unavailable)
rNeg     . . .     Faith    +   i - +1 scale mail "Nyohaas" {Int+5 Dex+3} (curse)
rPois    .         Spirit   .   (helmet restricted)
rElec    .         Reflect  .   G - +1 cloak
rCorr    .         Harm     .   F - +0 pair of gloves
MR       ++...                  (no boots)
Stlth    ..........             H - amulet of faith
Regen    0.3/turn               M - +2 ring of protection
MPRegen  0.2/turn               J - ring of see invisible

@: lethally poisoned (-14 -> -40), berserk cooldown, slowed, very slow
A: antennae 2, fangs 1, cold resistance 1, demonic guardian 2, fire resistance
1, spiny 2
a: Berserk, Trog's Hand, Brothers in Arms, Burn Spellbooks, Renounce Religion


You were on level 15 of the Dungeon.
You worshipped Trog.
Trog was extremely pleased with you.
You were not hungry.

You visited 3 branches of the dungeon, and saw 17 of its levels.
You also visited: Ossuary.

You collected 1473 gold pieces.
You spent 530 gold pieces at shops.

Inventory:

Hand Weapons
 v - a +4 antimagic great mace
 I - the +8 battleaxe of Ynay (weapon) {venom, MR+}
   (You bought it in a shop on level 7 of the Dungeon)

   It poisons the flesh of those it strikes.
   It affects your resistance to hostile enchantments.
 O - a +3 battleaxe of freezing
Missiles
 q - 16 tomahawks
 N - 3 poisoned tomahawks (quivered)
 W - a throwing net
Armour
 i - the cursed +1 scale mail "Nyohaas" (worn) {Int+5 Dex+3}
   (You found it on level 14 of the Dungeon)

   It affects your intelligence (+5).
   It affects your dexterity (+3).
   It has a curse placed upon it.
 F - a +0 pair of gloves (worn)
 G - a +1 cloak (worn)
 U - a +0 troll leather armour
Jewellery
 D - an uncursed ring of poison resistance
 H - an amulet of faith (around neck)
 J - a ring of see invisible (right hand)
 M - a +2 ring of protection (left hand)
Wands
 b - a wand of digging (13/24)
 g - a wand of lightning (3/15)
 u - a wand of enslavement (3/24)
 x - a wand of flame (25/48)
 z - a wand of confusion (32/48)
 K - a wand of polymorph (14/24)
 Q - a wand of confusion (26/48)
Scrolls
 a - 7 scrolls of teleportation
 e - 4 scrolls of remove curse
 h - a scroll of magic mapping
 j - 4 scrolls of enchant weapon
 k - 3 scrolls of fog
 o - 2 scrolls of immolation
 w - 4 scrolls of recharging
 y - a scroll of blinking
 V - a scroll of summoning
Potions
 d - 5 potions of flight
 f - 11 potions of curing
 l - 7 potions of brilliance
 m - 5 potions of might
 n - a potion of heal wounds
 A - 3 potions of lignification
 B - 4 potions of agility
 C - a potion of resistance
 L - a potion of cancellation
 R - 2 potions of mutation
 X - a potion of magic
 Z - 2 potions of ambrosia {unknown}
Miscellaneous
 S - a box of beasts
 T - a fan of gales
 Y - a sack of spiders
Comestibles
 c - 12 bread rations
 p - a royal jelly
 t - 7 meat rations
 P - a fruit


   Skills:
 + Level 11.1 Fighting
 - Level 13.8(14.7) Axes
 - Level 9.1(12.5) Maces & Flails
 - Level 3.3 Throwing
 - Level 10.0 Armour
 - Level 7.0 Dodging
 - Level 3.9 Evocations


You had 13 spell levels left.
You didn't know any spells.

Dungeon Overview and Level Annotations

Branches:
Dungeon (15/15)            Temple (1/1) D:4            Lair (0/6) D:8
    Orc (0/2) D:9          Vaults (0/5) D:14         Depths (1/5) D:15

Altars:
Ashenzari
Fedhas
Hepliaklqana
Okawaru
Sif Muna
Xom
Zin

Shops:
D:7 (![   D:11 :   D:12 }   D:13 [

Annotations:
D:4 exclusion: goblin
D:6 exclusion: door
D:8 exclusion: downstairs
D:9 exclusion: downstairs
D:14 exclusion: downstairs
D:15 Mara


Innate Abilities, Weirdness & Mutations

You have a pair of antennae on your head.
A demonic guardian rushes to your aid.
You are mostly covered in sharp spines.
You have very sharp teeth.
Your flesh is cold resistant. (rC+)
Your flesh is heat resistant. (rF+)


Message History

You completely miss Mara.
Mara is moderately wounded.
You feel sick.
You slice Mara!!
Mara is heavily wounded.
You feel sick. Mara gestures at you. The bolt of fire hits you! You resist.
* * * LOW HITPOINT WARNING * * *
Unknown command.
You slash Mara!
Mara is heavily wounded.
You are no longer berserk.
You are exhausted.
You feel yourself slow down.
* * * LOW HITPOINT WARNING * * *
You feel sick.
Mara says, "I mislead the hearts of men!"
Mara hits you with a demon trident of electrocution!!
You die...

........c.# #..#
#...........(
..........# #..#
#............
..........# #..#
#.).......###
..........# #..#
#.........#
..........# #..#
#.........#
..........# #..#
#.........#
..........#
#########.........#
..........#
#.'..('.#.........#
..........#
#.#[@(#(#.........#
..........#
#.#..R#†#.........#
..........#
#.#####.#.........#
..........#
#.≈...≈.#.........#
..........#
#.≈...≈.#...[.....#
...#####..#
#.≈.≈.≈.#..####...#
...# #..#
#(#.#.#.#..# #...#
...# #..#
#≈..#..≈#..# #...#
...# #..#
#≈≈...≈≈#..# #...#


You could see Mara.

Vanquished Creatures
  5 very ugly things (Depths:1)
  2 stone giants
  A fire dragon (Depths:1)
  The ghost of Rrauwl the Severer, a journeyman MiBe of Trog (D:11)
  A yaktaur captain (D:15)
  A hydra (D:12)
  4 vault guards (D:14)
  2 tengu warriors (D:14)
  8 centaur warriors
  A fire crab (shapeshifter) (D:15)
  A wizard (D:14)
  A deep troll (D:15)
  A glowing orange brain (Depths:1)
  An orc knight (D:14)
  A wolf spider (shapeshifter) (D:15)
  6 ugly things
  A manticore (D:15)
  3 gargoyles
  2 centaur skeletons
  A redback zombie (D:15)
  A freezing wraith (D:14)
  5 yaktaurs (D:15)
  A tengu conjurer (D:14)
  5 trolls
  A jumping spider (shapeshifter) (D:15)
  A hornet (D:13)
  Grinder (D:4)
  4 slime creatures
  3 hippogriffs
  A meliai zombie (D:13)
  Sigmund (D:2)
  2 shadows
  8 wyverns
  2 yaks (D:9)
  A yak (shapeshifter) (D:15)
  3 hogs
  A human (D:14)
  Edmund (D:4)
  11 orc warriors
  4 sky beasts
  8 black bears (D:9)
  4 ice beasts
  7 phantoms
  9 ogres
  A boggart (D:15)
  13 centaurs
  A crocodile (D:12)
  The ghost of Kosschaser the Sneak, an amateur DEEn (D:3)
  5 big kobolds
  14 bullfrogs
  A gnoll sergeant (D:9)
  2 scorpions
  3 killer bees (D:7)
  17 wights
  4 howler monkeys
  6 electric eels (D:9)
  5 crimson imps
  2 bullfrog zombies
  2 centaur zombies
  4 hounds
  A quasit (D:11)
  8 jellies
  15 orc priests
  2 bullfrog skeletons (D:9)
  11 orc wizards
  2 gnoll shamans (D:9)
  4 iguanas
  Ijyb (D:5)
  Natasha (twice) (D:4)
  12 worker ants
  A big kobold zombie (Ossuary)
  A hound zombie (D:7)
  3 hound skeletons
  8 mummies (Ossuary)
  A howler monkey skeleton (D:4)
  2 worker ant zombies
  12 adders
  3 shadow imps
  An ooze (D:1)
  An adder skeleton (D:4)
  A worm (D:2)
  3 dart slugs
  7 leopard geckos
  43 orcs
  4 bats
  3 giant cockroaches
  6 hobgoblins
  6 jackals
  6 quokkas
  A ball python (D:4)
  A ball python skeleton (D:4)
  6 frilled lizards
  2 gnoll zombies (Ossuary)
  9 goblins
  A goblin zombie (D:5)
  A hobgoblin zombie (Ossuary)
  24 kobolds
  2 kobold zombies (Ossuary)
  An orc zombie (Ossuary)
  A quokka zombie (D:5)
  6 rats
  6 plants (D:9)
441 creatures vanquished.

Vanquished Creatures (collateral kills)
  The ghost of Darkell the Eclecticist, a journeyman DEFE of Vehumet (D:14)
  An ettin (Depths:1)
  An ogre mage (D:15)
  A centaur warrior (D:12)
  4 two-headed ogres
  A deep troll shaman (D:15)
  A deep troll earth mage (D:15)
  A deep troll (D:15)
  An iron troll (D:15)
  A deep elf mage (D:15)
  7 ugly things (D:15)
  2 manticores
  A centaur zombie (D:14)
  A kobold demonologist (D:11)
  A tengu conjurer (D:14)
  A merfolk (D:9)
  4 slime creatures (D:15)
  2 hippogriffs
  A shadow (D:14)
  Eustachio (D:4)
  A human (D:7)
  2 hogs (D:7)
  An orc warrior (D:14)
  2 centaurs (D:14)
  2 ogres (D:15)
  A big kobold (D:9)
  Blork the orc (D:4)
  A gnoll sergeant (D:9)
  A bullfrog (D:9)
  A scorpion (D:5)
  An electric eel (D:9)
  A hound (D:5)
  An adder (D:9)
  An adder skeleton (D:4)
  An orc (D:4)
  A bat (D:3)
  2 goblins
  A jackal (D:3)
  A gnoll zombie (Ossuary)
  3 kobolds (D:9)
60 creatures vanquished.

Vanquished Creatures (others)
  A centaur (D:15)
  2 plants (D:9)
3 creatures vanquished.

Grand Total: 504 creatures vanquished

Notes
Turn   | Place    | Note
-------+----------+-------------------------------------------
     0 | D:1      | Lavandula the Demonspawn Berserker began the quest for the Orb.
     0 | D:1      | Reached XP level 1. HP: 18/18 MP: 1/1
   220 | D:1      | Gained mutation: You are partially covered in sharp spines. [demonic ancestry]
   220 | D:1      | Reached XP level 2. HP: 23/24 MP: 2/2
   717 | D:2      | Noticed Sigmund
   810 | D:2      | Reached XP level 3. HP: 29/29 MP: 3/3
  1083 | D:3      | Noticed Kosschaser's ghost (amateur DEEn)
  1177 | D:3      | Killed Kosschaser's ghost
  1177 | D:3      | Reached ** piety under Trog
  1177 | D:3      | Gained mutation: A weak demonic guardian rushes to your aid. [demonic ancestry]
  1177 | D:3      | Reached XP level 4. HP: 14/35 MP: 4/4
  1438 | D:3      | Found a blossoming altar of Fedhas.
  1571 | D:3      | Reached skill level 5 in Maces & Flails
  1571 | D:3      | Reached XP level 5. HP: 41/41 MP: 5/5
  2236 | D:4      | Found a staircase to the Ecumenical Temple.
  2247 | D:4      | Noticed Natasha
  2254 | D:4      | Killed Natasha
  2254 | D:4      | Reached XP level 6. HP: 38/47 MP: 6/6
  2261 | Temple   | Entered the Ecumenical Temple
  2638 | D:4      | Noticed Eustachio
  2645 | D:4      | Noticed Edmund
  2656 | D:4      | Killed Eustachio
  2656 | D:4      | Killed Edmund
  2656 | D:4      | Gained mutation: You are mostly covered in sharp spines. [demonic ancestry]
  2656 | D:4      | Reached XP level 7. HP: 52/52 MP: 7/7
  2683 | D:4      | Reached *** piety under Trog
  2868 | D:4      | Noticed Blork the orc
  2872 | D:4      | Killed Blork the orc
  2981 | D:4      | Noticed Grinder
  2984 | D:4      | Paralysed by Grinder for 2 turns
  2991 | D:4      | Killed Grinder
  3169 | D:4      | Found a shattered altar of Ashenzari.
  3366 | D:5      | Entered Level 5 of the Dungeon
  3366 | D:5      | Noticed Ijyb
  3373 | D:5      | Killed Ijyb
  3420 | D:5      | Found a sand-covered staircase.
  3434 | D:5      | Reached XP level 8. HP: 52/58 MP: 8/8
  3508 | Ossuary  | Entered an ossuary
  3562 | Ossuary  | Reached skill level 1 in Throwing
  3826 | D:5      | Noticed a hippogriff
  3833 | D:5      | Killed a hippogriff
  3886 | D:5      | Reached **** piety under Trog
  4659 | D:6      | Found a deep blue altar of Sif Muna.
  4765 | D:6      | Reached skill level 5 in Dodging
  4961 | D:7      | Found Goomimnu's Antique Weapon Shop.
  4977 | D:7      | Bought an ichor-stained battleaxe for 230 gold pieces
  4977 | D:7      | Identified the +8 battleaxe of Ynay {venom, MR+} (You bought it in a shop on level 7 of the Dungeon)
  5018 | D:7      | Reached skill level 1 in Axes
  5018 | D:7      | Gained mutation: A demonic guardian rushes to your aid. [demonic ancestry]
  5018 | D:7      | Reached XP level 9. HP: 64/64 MP: 9/9
  5083 | D:7      | Reached skill level 2 in Axes
  5084 | D:7      | Reached skill level 3 in Axes
  5085 | D:7      | Reached skill level 4 in Axes
  5117 | D:7      | Found Ruci's Distillery.
  5120 | D:7      | Bought a potion of resistance for 150 gold pieces
  5120 | D:7      | Bought a potion of degeneration for 15 gold pieces
  5120 | D:7      | Bought a potion of brilliance for 60 gold pieces
  5120 | D:7      | Bought a potion of heal wounds for 75 gold pieces
  5137 | D:7      | Found a hazy altar of Hepliaklqana.
  5247 | D:7      | Reached skill level 5 in Axes
  5290 | D:7      | Found Selamiyll's Antique Armour Shop.
  5485 | D:7      | Reached skill level 6 in Axes
  6167 | D:8      | Got a heavily runed scarf
  6178 | D:8      | Identified the cursed scarf of the Ecumenical Temple {Int+2} (You found it on level 8 of the Dungeon)
  6212 | D:8      | Reached skill level 7 in Axes
  6218 | D:8      | Gained mutation: You have very sharp teeth. [mutagenic meat]
  6219 | D:8      | Gained mutation: Your magical capacity is low. (-10% MP) [mutagenic meat]
  6220 | D:8      | Gained mutation: Your spells are a little harder to cast, but a little more powerful. [mutagenic meat]
  6221 | D:8      | Lost mutation: You have very sharp teeth. [mutagenic meat]
  6227 | D:8      | Received a gift from Trog
  6228 | D:8      | Gained mutation: Your body sometimes deteriorates upon taking damage. [mutagenic meat]
  6603 | D:8      | Found a staircase to the Lair.
  6691 | D:9      | Reached XP level 10. HP: 56/70 MP: 9/9
  6710 | D:9      | Reached skill level 8 in Axes
  6717 | D:9      | Reached ***** piety under Trog
  7309 | D:9      | Reached skill level 9 in Axes
  7645 | D:9      | Noticed a manticore
  7647 | D:9      | Killed a manticore
  7980 | D:9      | Reached skill level 1 in Evocations
  8274 | D:9      | Found a staircase to the Orcish Mines.
  8284 | D:10     | Entered Level 10 of the Dungeon
  8888 | D:10     | Received a gift from Trog
  9244 | D:11     | Noticed Rrauwl's ghost (journeyman MiBe)
  9395 | D:9      | Reached XP level 11. HP: 69/75 MP: 12/12
  9483 | D:9      | Reached skill level 5 in Armour
  9992 | D:9      | Noticed a two-headed ogre
 10007 | D:9      | Killed a two-headed ogre
 10298 | D:9      | Got a polished leather armour
 10309 | D:9      | Identified the +0 leather armour of the Cooper {rPois rN+ Slay-4} (You found it on level 9 of the Dungeon)
 10657 | D:9      | Received a gift from Trog
 10807 | D:9      | Found a glowing silver altar of Zin.
 11387 | D:2      | Killed Sigmund
 11912 | D:4      | Noticed Natasha
 11916 | D:4      | Killed Natasha
 12333 | D:11     | Lost mutation: Your magical capacity is low. (-10% MP) [potion of mutation]
 12333 | D:11     | Lost mutation: Your body sometimes deteriorates upon taking damage. [potion of mutation]
 12333 | D:11     | Lost mutation: Your spells are a little harder to cast, but a little more powerful. [potion of mutation]
 12333 | D:11     | Gained mutation: Your flesh is cold resistant. (rC+) [potion of mutation]
 12333 | D:11     | Gained mutation: You have very sharp teeth. [potion of mutation]
 12333 | D:11     | Gained mutation: Your flesh is heat resistant. (rF+) [potion of mutation]
 12388 | D:11     | Noticed a white ugly thing
 12396 | D:11     | Killed a white ugly thing
 12407 | D:11     | Noticed a two-headed ogre
 12415 | D:11     | Killed a two-headed ogre
 12649 | D:11     | Found Agidag's Book Boutique.
 12826 | D:11     | Killed Rrauwl's ghost
 13062 | D:12     | Noticed a four-headed hydra
 13182 | D:12     | Found Rigin's Gadget Shoppe.
 13412 | D:12     | Killed a four-headed hydra
 13412 | D:12     | Reached skill level 10 in Armour
 13531 | D:12     | Noticed a centaur warrior
 13534 | D:12     | Killed a centaur warrior
 13893 | D:13     | Reached XP level 12. HP: 74/81 MP: 14/14
 13918 | D:13     | Noticed a centaur warrior
 13929 | D:13     | Killed a centaur warrior
 14378 | D:13     | Received a gift from Trog
 14394 | D:13     | Found Ahoom's Armour Shoppe.
 14646 | D:14     | Noticed Darkell's ghost (journeyman DEFE)
 14874 | D:14     | Killed Darkell's ghost
 14874 | D:14     | Reached skill level 10 in Axes
 14978 | D:14     | Noticed a centaur warrior
 15144 | D:14     | Killed a centaur warrior
 15144 | D:14     | Reached skill level 11 in Axes
 15383 | D:14     | Noticed a centaur warrior
 15398 | D:14     | Killed a centaur warrior
 15492 | D:14     | Found an iron altar of Okawaru.
 15659 | D:14     | Noticed a tengu warrior
 15659 | D:14     | Noticed a tengu warrior
 15681 | D:14     | Killed a tengu warrior
 15684 | D:14     | Killed a tengu warrior
 15684 | D:14     | Reached skill level 12 in Axes
 15791 | D:14     | Noticed a vault guard
 16446 | D:15     | Entered Level 15 of the Dungeon
 16473 | D:15     | Noticed a centaur warrior
 16591 | D:15     | Killed a centaur warrior
 16824 | D:15     | Gained mutation: You have a pair of small antennae on your head. [demonic ancestry]
 16824 | D:15     | Reached XP level 13. HP: 86/86 MP: 15/15
 16930 | D:15     | Reached skill level 13 in Axes
 16986 | D:14     | Got a warped scale mail
 16997 | D:14     | Identified the cursed +1 scale mail "Nyohaas" {Int+5 Dex+3} (You found it on level 14 of the Dungeon)
 17302 | D:15     | Found a shimmering altar of Xom.
 17346 | D:15     | Found a shimmering altar of Xom.
 18159 | D:15     | Found a shimmering altar of Xom.
 18160 | D:15     | Found a shimmering altar of Xom.
 18160 | D:15     | Found a shimmering altar of Xom.
 18161 | D:15     | Found a shimmering altar of Xom.
 18716 | D:15     | Reached skill level 5 in Fighting
 19012 | D:15     | Found a staircase to the Depths.
 19675 | D:14     | Found a gate to the Vaults.
 19881 | Depths:1 | Entered Level 1 of the Depths
 19881 | Depths:1 | Noticed a fire dragon
 19881 | Depths:1 | Noticed a stone giant
 19883 | Depths:1 | Noticed a stone giant
 19888 | D:15     | Killed a stone giant
 20481 | Depths:1 | Killed a fire dragon
 20483 | Depths:1 | Killed a stone giant
 20483 | Depths:1 | Gained mutation: You have a pair of antennae on your head. [demonic ancestry]
 20483 | Depths:1 | Reached XP level 14. HP: 109/109 MP: 16/16
 20625 | Depths:1 | Noticed a red very ugly thing
 20625 | Depths:1 | Noticed a red very ugly thing
 20625 | Depths:1 | Noticed a red very ugly thing
 20625 | Depths:1 | Noticed a red very ugly thing
 20625 | Depths:1 | Noticed a red very ugly thing
 20632 | Depths:1 | Killed a white very ugly thing
 20632 | Depths:1 | Reached skill level 10 in Fighting
 20636 | Depths:1 | Killed a white very ugly thing
 20639 | Depths:1 | Killed a white very ugly thing
 20639 | Depths:1 | Killed a red very ugly thing
 20645 | Depths:1 | Killed a white very ugly thing
 20921 | Depths:1 | Noticed a red very ugly thing
 20921 | Depths:1 | Noticed a red very ugly thing
 20921 | Depths:1 | Noticed a red very ugly thing
 20921 | Depths:1 | Noticed a red very ugly thing
 20921 | Depths:1 | Noticed a red very ugly thing
 20921 | Depths:1 | Noticed a red very ugly thing
 21040 | Depths:1 | Noticed Mara
 21056 | Depths:1 | Noticed a frost giant
 21216 | Depths:1 | Noticed Lavandula's illusion
 21220 | D:15     | Demolished by Mara

Skill      XL: |  1  2  3  4  5  6  7  8  9 10 11 12 13 14 |
---------------+-------------------------------------------+-----
Maces & Flails | 3 4 5 7 8 9 |  9.1
Throwing       | 3 |  3.3
Dodging        | 5 6 7 |  7.0
Axes           | 1 7 9 12 13 | 13.8
Evocations     | 3 |  3.9
Armour         | 4 10 | 10.0
Fighting       | 9 11 | 11.1

Action                   |  1- 3 |  4- 6 |  7- 9 | 10-12 | 13-15 || total
-------------------------+-------+-------+-------+-------+-------++-------
Melee: Mace              |    82 |    66 |   142 |       |       ||   290
       Whip              |     2 |       |       |       |       ||     2
       Battleaxe         |       |       |    87 |   469 |   175 ||   731
       Bite              |       |       |       |    26 |    34 ||    60
       Demon whip        |       |       |       |     3 |       ||     3
Throw: Tomahawk          |       |       |    20 |    21 |    13 ||    54
Invok: Berserk           |     1 |     5 |     6 |     8 |     6 ||    26
       Trog's Hand       |       |       |     1 |     1 |     3 ||     5
       Brothers in Arms  |       |       |       |     1 |     2 ||     3
Evoke: Sack of spiders   |       |       |       |       |     2 ||     2
  Use: Scroll            |     5 |       |    13 |    10 |     2 ||    30
       Potion            |     1 |       |       |     2 |     8 ||    11
 Stab: Distracted        |       |       |       |     4 |       ||     4
       Sleeping          |       |       |       |     1 |       ||     1
       Invisible         |       |       |       |       |     2 ||     2
  Eat: Chunk             |     1 |     9 |    19 |    37 |    11 ||    77
       Meat ration       |       |       |     1 |       |       ||     1
       Royal jelly       |       |       |       |     2 |     5 ||     7
Armor: Scale mail        |    34 |    22 |    65 |   164 |    49 ||   334
       Animal skin       |       |       |       |     2 |       ||     2
       Troll leather arm |       |       |       |    12 |       ||    12
Dodge: Dodged            |    39 |    28 |    95 |   328 |   110 ||   600
